 Dungeon Crawl Stone Soup version 0.17.2 (webtiles) character file.

18 ololoev the Chopper (level 2, 0/24 HPs)
             Began as a Demonspawn Berserker on June 9, 2016.
             Was a Follower of Trog.
             Slain by a giant frog skeleton (6 damage)
             ... on level 4 of the Dungeon.
             The game lasted 00:00:55 (126 turns).

ololoev the Chopper (Demonspawn Berserker)           Turns: 126, Time: 00:00:55

Health: 0/24       AC:  2    Str: 17    XL:     2   Next: 48%
Magic:  2/2        EV: 14    Int:  8    God:    Trog [*.....]
Gold:   15         SH:  0    Dex: 12    Spells: 0 memorised, 1 level left

rFire  . . .     SeeInvis .     a - +0 hand axe
rCold  . . .     Clarity  .     b - +0 animal skin
rNeg   . . .     SustAt   .     (no shield)
rPois  .         Gourm    .     (no helmet)
rElec  .         Spirit   .     (no cloak)
rCorr  .         Warding  .     (no gloves)
rMut   .         Stasis   .     (no boots)
MR     .....                    (no amulet)
Stlth  +.........               (no ring)
                                (no ring)

@: not resistant to hostile enchantments, very unstealthy
A: repulsion field 1
a: Berserk, Burn Spellbooks, Renounce Religion


Innate Abilities, Weirdness & Mutations

You are surrounded by a mild repulsion field (EV +2).

Inventory:

Hand Weapons
 a - a +0 hand axe (weapon)
Armour
 b - a +0 animal skin (worn)
Scrolls
 d - a scroll of amnesia {unknown}
 e - a scroll of enchant armour {unknown}
Comestibles
 c - a bread ration


   Skills:
 - Level 3.0 Fighting
 * Level 3.3 Axes
 + Level 2.1 Armour
 - Level 1.7 Dodging


You had one spell level left.
You didn't know any spells.


You were on level 4 of the Dungeon.
You worshipped Trog.
Trog was aware of your devotion.
You were not hungry.

You visited 1 branch of the dungeon, and saw 4 of its levels.

You collected 15 gold pieces.

........
......
..... #
....# #..
##...#....
........#
#.....[#
#@....#
#.Z......
#......##
.......#
......##
#......#
##.###.#
..# #.

Notes
Turn   | Place    | Note
--------------------------------------------------------------
     0 | D:1      | ololoev the Demonspawn Berserker began the quest for the Orb.
     0 | D:1      | Reached XP level 1. HP: 18/18 MP: 1/1
    84 | D:3      | Gained mutation: You are surrounded by a mild repulsion field (EV +2). [demonic ancestry]
    84 | D:3      | Reached XP level 2. HP: 22/24 MP: 2/2
   126 | D:4      | Slain by a giant frog skeleton

Dungeon Overview and Level Annotations

Branches:
Dungeon (4/15)
 Temple: D:4-7

Altars:


Message History

The worm closely misses you. The bat misses you.
You slash the worm!
You kill the worm!
Trog accepts your kill.
You slash the bat!
You kill the bat!
Trog accepts your kill.
You feel a strong urge to attack something.
There is a stone staircase leading down here.
You feel your anger subside.
You are no longer berserk.
You are exhausted.
You feel yourself slow down.
There is a stone staircase leading down here.
You climb downwards.
A giant frog skeleton comes into view.
Found a ring mail.
There is a stone staircase leading up here.
You climb upwards.
There is a stone staircase leading down here.
You feel yourself speed up.
You feel less exhausted.
There is a stone staircase leading down here.
You climb downwards.
The giant frog skeleton hits you. The giant frog skeleton hits you.
There is a stone staircase leading up here.
You hit the giant frog skeleton.
The giant frog skeleton hits you but does no damage. x2
You barely miss the giant frog skeleton.
The giant frog skeleton closely misses you.
You barely miss the giant frog skeleton.
The giant frog skeleton hits you. x2
You hit the giant frog skeleton.
The giant frog skeleton barely misses you.
You hit the giant frog skeleton. The giant frog skeleton misses you.
The giant frog skeleton hits you.
You hit the giant frog skeleton.
The giant frog skeleton barely misses you.
You hit the giant frog skeleton. The giant frog skeleton hits you.
You die...

You could see a giant frog skeleton.

Vanquished Creatures
  An adder (D:3)
  A worm (D:3)
  A giant cockroach (D:1)
  A goblin (D:2)
  A quokka (D:2)
  A bat (D:3)
6 creatures vanquished.

Action                   || total
-------------------------++-------
Melee: Hand axe          ||    26
Invok: Berserk           ||     1

Vault maps used:
D:1:      evilmike_arrival_hilbert_curve, cheibriados_altar_1
D:2:      ecumenical_altar_1, serial_bayou, serial_bayou_shore_a,
          serial_bayou_pond_e, serial_bayou_shore_b, serial_bayou_lake_a,
          serial_bayou_pond_e, first_bread, serial_bayou_pond_d
D:3:      overflow_temple_1_default, uniq_jessica
D:4:      serial_shops, nicolae_shop_stone, abandoned_shop, uniq_grinder
